 Dungeon Crawl Stone Soup version 0.22-a0-605-g9281fa2 (webtiles) character file.

83 poirepourri the Cudgeler (level 4, 0/28 HPs)
             Began as a Gargoyle Fighter on July 8, 2018.
             Slain by Sigmund
             ... wielding a +1 scythe of slicing
              (1 damage)
             ... on level 3 of the Dungeon.
             The game lasted 00:01:43 (983 turns).

poirepourri the Cudgeler (Gargoyle Fighter)          Turns: 983, Time: 00:01:44

Health: 0/28       AC: 10    Str: 19    XL:     4   Next: 44%
Magic:  4/4        EV:  7    Int:  9    God:
Gold:   28         SH:  9    Dex: 10    Spells: 3/3 levels left

rFire    . . .     SeeInvis .   a - +0 flail
rCold    . . .     Gourm    .   c - +0 shield
rNeg     + . .     Faith    .   b - +0 scale mail
rPois    ∞         Spirit   .   (no helmet)
rElec    +         Reflect  .   (no cloak)
rCorr    .         Harm     .   (no gloves)
MR       .....                  (no boots)
Stlth    +.........             (no amulet)
HPRegen  0.09/turn              j - ring of stealth
MPRegen  0.09/turn              (no ring)

@: no status effects
A: negative energy resistance 1, electricity resistance, unbreathing,
petrification resistance, rot immunity, AC +3
a: no special abilities


You were on level 3 of the Dungeon.
You were hungry.

You visited 1 branch of the dungeon, and saw 3 of its levels.

You collected 28 gold pieces.

Inventory:

Hand Weapons
 a - a +0 flail (weapon)
Armour
 b - a +0 scale mail (worn)
 c - a +0 shield (worn)
Jewellery
 j - a ring of stealth (left hand)
 l - an uncursed ring of protection from fire {unknown}
 m - a +3 ring of strength {unknown}
Scrolls
 e - a scroll of noise
 k - a scroll of fear {unknown}
Potions
 d - a potion of might
 g - 2 potions of mutation {unknown}
 h - a potion of curing {unknown}
 i - 2 potions of heal wounds {unknown}
Comestibles
 f - 3 rations


   Skills:
 - Level 3.2 Fighting
 + Level 4.5 Maces & Flails
 - Level 3.2 Armour
 - Level 3.2 Shields


You had 3 spell levels left.
You didn't know any spells.
Your spell library was empty.

Dungeon Overview and Level Annotations

Branches:
Dungeon (3/15)

Altars:

Annotations:
D:3 Sigmund


Innate Abilities, Weirdness & Mutations

You are resistant to torment.
Your stone body is resilient. (AC +3)
You are immune to poison.
You resist negative energy. (rN+)
You are resistant to electric shocks. (rElec)
You can survive without breathing.
You are immune to petrification.
You are immune to rotting.


Message History

Sigmund hits you with a scythe of slicing!
* * * LOW HITPOINT WARNING * * *
Things that are here:
a short sword; a kobold corpse Your shield and scale mail prevent you from hitting Sigmund.
Sigmund hits you with a scythe of slicing.
* * * LOW HITPOINT WARNING * * *
x2 You thump Sigmund!
Sigmund is moderately wounded.
You block Sigmund's attack.
You sock Sigmund!
Sigmund is severely wounded.
You barely miss Sigmund.
Sigmund is severely wounded.
Sigmund hits you but does no damage.
You completely miss Sigmund.
Sigmund is severely wounded.
Sigmund hits you with a scythe of slicing.
* * * LOW HITPOINT WARNING * * *
You die...

#............#
#######.##.........#
!.....#.#....#+#####
####.....#..<...####
#........##........#
#..................#
#?........#.)......#
#..........#####.###
+.....@@....># #.#
#...#####..#.....#
#.... ####.....#
#.## ....# # ...#
...##


You could see Sigmund.

Vanquished Creatures
  5 adders (D:2)
  2 worms (D:2)
  A leopard gecko (D:1)
  An orc (D:3)
  3 goblins (D:2)
  A hobgoblin (D:2)
  2 jackals (D:1)
  2 quokkas (D:2)
  2 bats (D:2)
  4 frilled lizards (D:2)
  7 kobolds
  3 rats
33 creatures vanquished.

Notes
Turn   | Place    | Note
-------+----------+-------------------------------------------
     0 | D:1      | poirepourri the Gargoyle Fighter began the quest for the Orb.
     0 | D:1      | Reached XP level 1. HP: 14/14 MP: 1/1
   149 | D:1      | Reached XP level 2. HP: 17/19 MP: 2/2
   213 | D:2      | Reached skill level 3 in Maces & Flails
   313 | D:2      | Found a faded altar of an unknown god.
   359 | D:2      | Reached XP level 3. HP: 22/23 MP: 3/3
   521 | D:2      | Reached skill level 4 in Maces & Flails
   574 | D:2      | Reached XP level 4. HP: 22/28 MP: 4/4
   959 | D:3      | Noticed Sigmund
   983 | D:3      | HP: 1/28 [Sigmund/scythe of slicing (5)]
   983 | D:3      | Slain by Sigmund

Vault maps used:
D:1:      co_arrival_random_square_maze, minmay_tromino_i2
D:2:      chequers_ecumenical_altar_simple_redux, first_ration
D:3:      uniq_sigmund

Skill      XL: |  1  2  3 |
---------------+----------+-----
Maces & Flails | 3 4 |  4.5
Fighting       | |  3.2
Armour         | |  3.2
Shields        | |  3.2

Action                   |  1- 3 |  4- 6 || total
-------------------------+-------+-------++-------
Melee: Flail             |    82 |    50 ||   132
  Use: Scroll            |       |     1 ||     1
Armor: Scale mail        |    35 |    36 ||    71
Dodge: Dodged            |    21 |    16 ||    37
Block: Shield            |    56 |    29 ||    85

Table legend:
 A = Spawn XP
 B = Non-spawn XP
 C = Spawn XP percentage of total XP
 D = Spawn monster count
 E = Non-spawn monster count
 F = Spawn count percentage of total count
 G = Total turns spent on level
                    A         B        C        D         E        F      G
               +---------+---------+-------+---------+---------+-------+---------
         Total |       0 |     119 |   0.0 |       0 |      33 |   0.0 |   983
               +---------+---------+-------+---------+---------+-------+---------
           D:1 |       0 |      11 |   0.0 |       0 |       6 |   0.0 |   169
           D:2 |       0 |     103 |   0.0 |       0 |      25 |   0.0 |   775
           D:3 |       0 |       5 |   0.0 |       0 |       2 |   0.0 |    39
               +---------+---------+-------+---------+---------+-------+---------
